AoeStats
← Sir_Brouzi

MegaRandom

508672875Analyzed
3v3 RM · 7d ago on Sep 23, 2026· 21m 2s· 6 players
Game mode
Random Map
Map size
Normal (6 player)
Population
200
Speed
Normal
Resources
Standard
Victory
Conquest
Starting age
Dark Age
Ending age
Imperial Age
RankedLock teamsTeams togetherTeam positionsShared explorationLock speedFull tech treeHidden civsTurbo modeCheats
Victory
Defeat
🇲🇽 Britons · Mexico
1177
+15
🇫🇷 Persians · France
1143
+16
🇦🇷 Mongols · Argentina
1124
+17
🇫🇷 Varangians · France
1193
-17
🇫🇷 Aztecs · France
1171
-17
🇫🇷 Franks · France
1096
-14
83T01SRA3L
7:26 Loom
9:43 Feudal Age
10:50 Double-Bit Axe
14:35 Fletching
19:10 Wheelbarrow
22:30 Castle Age
21:21 Gold Mining
Sir_Brouzi
7:07 Loom
11:59 Feudal Age
12:39 Horse Collar
12:46 Double-Bit Axe
20:51 Castle Age
20:48 Scale Barding Armor
20:36 Gold Mining
20:58 Stone Mining
21:42 Forging
Schrodinger
6:33 Loom
9:22 Loom
11:08 Feudal Age
17:06 Castle Age
15:53 Double-Bit Axe
17:30 Gold Mining
17:39 Town Watch
DimDoom
0:27 Loom
0:35 Loom
11:59 Feudal Age
12:26 Double-Bit Axe
14:29 Gold Mining
17:13 Scale Barding Armor
23:32 Castle Age
Бэтмен
11:29 Feudal Age
14:09 Double-Bit Axe
16:48 Horse Collar
19:18 Castle Age
20:00 Bloodlines
20:06 Forging
20:08 Husbandry
Duboobz
5:56 Loom
11:09 Feudal Age
13:13 Double-Bit Axe
15:20 Wheelbarrow
Connection lost

Rejoining the realm…

Still unreachable

The connection could not be restored.

Session expired

The server has moved on; the page needs a fresh start.